 Dungeon Crawl Stone Soup version 0.23.2-1-ga50397a (webtiles) character file.

Game seed: 9676427775620224319

2712 diana the Skirmisher (level 9, 0/72 HPs)
             Began as a Demonspawn Gladiator on May 18, 2019.
             Was an Elder of Okawaru.
             Killed from afar by Pikel (25 damage)
             ... with a wand of acid (5)
             ... on level 6 of the Dungeon.
             The game lasted 00:10:02 (6169 turns).

diana the Skirmisher (Demonspawn Gladiator)         Turns: 6169, Time: 00:10:02

Health: 0/72       AC:  5    Str: 22    XL:     9   Next: 39%
Magic:  12/12      EV: 17    Int: 11    God:    Okawaru [****..]
Gold:   349        SH:  4    Dex: 14    Spells: 8/8 levels left

rFire    . . .     SeeInvis .   a - +1 long sword
rCold    + . .     Gourm    .   y - +0 buckler of the Greedy {rElec} (curse)
rNeg     . . .     Faith    .   z - +0 steam dragon scales
rPois    .         Spirit   .   (helmet restricted)
rElec    +         Reflect  .   n - +0 cloak
rCorr    .         Harm     .   (no gloves)
MR       .....                  (no boots)
Stlth    +.........             (no amulet)
HPRegen  0.22/turn              h - +3 ring of evasion
MPRegen  0.13/turn              b - +3 ring of protection

@: mighty, corroded
A: horns 1, icy blue scales 2, cold resistance 1, powered by death 1, freezing
cloud immunity
a: Heroism, Renounce Religion


You were on level 6 of the Dungeon.
You worshipped Okawaru.
Okawaru was greatly pleased with you.
You were hungry.

You visited 1 branch of the dungeon, and saw 6 of its levels.

You collected 349 gold pieces.

Inventory:

Hand Weapons
 a - a +1 long sword (weapon)
Missiles
 d - 2 throwing nets (quivered)
Armour
 n - a +0 cloak (worn)
 y - the cursed +0 buckler of the Greedy (worn) {rElec}
   (You found it on level 5 of the Dungeon)

   It insulates you from electricity.
   It has a curse placed upon it.
 z - +0 steam dragon scales (worn)
Jewellery
 b - a +3 ring of protection (right hand)
 h - a +3 ring of evasion (left hand)
Wands
 v - a wand of flame (36)
 x - a wand of polymorph (10)
 A - a wand of digging (2)
Scrolls
 e - a scroll of fog {unknown}
 g - 4 scrolls of remove curse
 j - 3 scrolls of magic mapping {unknown}
 k - 2 scrolls of blinking {unknown}
 l - 4 scrolls of teleportation
 o - 2 scrolls of enchant weapon
 q - a scroll of identify
 s - 2 scrolls of enchant armour {unknown}
 t - a scroll of amnesia {unknown}
Potions
 c - a potion of haste {unknown}
 i - a potion of lignification {unknown}
 m - 4 potions of curing
 p - 2 potions of degeneration
 r - a potion of cancellation {unknown}
 u - 2 potions of might
 w - a potion of berserk rage {unknown}
Comestibles
 f - 10 rations


   Skills:
 * Level 7.1 Fighting
 + Level 5.2 Long Blades
 - Level 1.7 Throwing
 * Level 6.1 Armour
 + Level 5.1 Dodging
 + Level 2.5 Shields
 + Level 4.8 Invocations


You had 8 spell levels left.
You didn't know any spells.
Your spell library was empty.

Dungeon Overview and Level Annotations

Branches:
Dungeon (6/15)             Temple (0/1) D:4

Altars:
Elyvilon
Gozag
Nemelex Xobeh
Okawaru
Xom
The Shining One

Annotations:
D:6 Pikel


Innate Abilities, Weirdness & Mutations

You have a pair of small horns on your head.
You are mostly covered in icy blue scales. (AC +3)
Your flesh is cold resistant. (rC+)
You regenerate a little health from kills.
You are immune to freezing clouds.


Message History

The acid corrodes the jackal!
The jackal dies!
The jackal closely misses you.
Throwing (i - inventory)
d - 3 throwing nets (quivered)
Press: ? - help, Shift-Dir - straight line, f - Pikel
Aim: Pikel, wielding a +2 whip of electrocution, wearing a +1 robe of fire resistance and carrying a wand of acid (6) (moderately wounded)
Okay, then.
It was a potion of might.
You feel very mighty all of a sudden.
The jackal bites you but does no damage.
Pikel zaps a wand.
The bolt of acid hits you!! The acid corrodes you!
You are splashed with acid!
The jackal completely misses you.
Throwing (i - inventory)
d - 3 throwing nets (quivered)
Press: ? - help, Shift-Dir - straight line, f - Pikel
Aim: Pikel, wielding a +2 whip of electrocution, wearing a +1 robe of fire resistance and carrying a wand of acid (5) (moderately wounded)
You throw a throwing net. The throwing net hits Pikel.
Pikel is caught in the net!
Pikel is moderately wounded.
Pikel zaps a wand.
The bolt of acid hits you!!
You die...

#⌠.#.#.#.#.8
#.#.
##⌠###.#####
.... ####### ###
#..# #.# #..
#..# #.# #..
#..#
#.##.#####.. #
#..#
#.##........
.##.p###h.#
#.########..
....ppK@..#
#.########..
###.hp###.#
#.##........ #..
#.# #.##.#####.#
##
#.###.##.#####.#
#....<.........#
##############.#
#.# ##.# #..#


You could see Pikel (caught), 4 slaves and 2 jackals.

Vanquished Creatures
  Grinder (D:6)
  Sigmund (D:3)
  Eustachio (D:6)
  Menkaure (D:4)
  Duvessa (D:6)
  A water moccasin (D:5)
  A black bear (D:6)
  A necrophage (D:6)
  2 ogres
  2 phantoms (D:5)
  A centaur (D:5)
  A bullfrog (D:6)
  Dowan (D:6)
  6 scorpions
  A howler monkey (D:5)
  2 crimson imps (D:6)
  2 hounds (D:5)
  A centaur zombie (D:5)
  7 orc wizards
  2 iguanas (D:5)
  Natasha (thrice) (D:4)
  4 worker ants
  A hound skeleton (D:4)
  5 adders
  A howler monkey skeleton (D:4)
  A shadow imp (D:5)
  4 worms
  3 adder skeletons
  2 dart slugs
  4 leopard geckos
  22 orcs
  5 bats
  13 giant cockroaches
  12 goblins
  4 hobgoblins
  19 jackals
  A ball python (D:4)
  4 frilled lizards
  4 kobolds
  A leopard gecko skeleton (D:6)
  A quokka skeleton (D:4)
  4 rats
  A plant (D:2)
155 creatures vanquished.

Vanquished Creatures (others)
  An orc wizard (D:5)
  A jackal (D:6)
2 creatures vanquished.

Grand Total: 157 creatures vanquished

Notes
Turn   | Place    | Note
-------+----------+-------------------------------------------
     0 | D:1      | diana the Demonspawn Gladiator began the quest for the Orb.
     0 | D:1      | Reached XP level 1. HP: 16/16 MP: 1/1
   203 | D:1      | Gained mutation: Your flesh is cold resistant. (rC+)
                  | [demonic ancestry]
   203 | D:1      | Reached XP level 2. HP: 18/22 MP: 2/2
  1057 | D:2      | Reached skill level 1 in Armour
  1265 | D:2      | Gained mutation: You have a pair of small horns on your
                  | head. [demonic ancestry]
  1265 | D:2      | Reached XP level 3. HP: 11/28 MP: 3/3
  1395 | D:2      | Found a white marble altar of Elyvilon.
  1457 | D:2      | Found an iron altar of Okawaru.
  1472 | D:2      | Became a worshipper of Warmaster Okawaru
  2032 | D:3      | Noticed Sigmund
  2116 | D:3      | Gained mutation: You are immune to freezing clouds.
                  | [demonic ancestry]
  2116 | D:3      | Reached XP level 4. HP: 17/34 MP: 4/4
  2398 | D:2      | Reached skill level 3 in Fighting
  2560 | D:3      | Killed Sigmund
  2560 | D:3      | Reached * piety under Okawaru
  2560 | D:3      | Reached XP level 5. HP: 27/42 MP: 5/5
  2560 | D:3      | Gained mutation: You regenerate a little health from kills.
                  | [demonic ancestry]
  2560 | D:3      | Reached XP level 6. HP: 31/48 MP: 6/6
  2823 | D:3      | Reached skill level 4 in Fighting
  3008 | D:4      | Reached ** piety under Okawaru
  3317 | D:4      | Noticed Natasha
  3322 | D:4      | Killed Natasha
  3455 | D:3      | Reached skill level 1 in Invocations
  3556 | D:4      | Reached XP level 7. HP: 45/55 MP: 7/7
  3705 | D:4      | Noticed Natasha
  3719 | D:4      | Killed Natasha
  3863 | D:4      | Noticed Natasha
  3890 | D:4      | Killed Natasha
  4058 | D:4      | Found a staircase to the Ecumenical Temple.
  4136 | D:4      | Noticed Menkaure
  4149 | D:4      | Killed Menkaure
  4149 | D:4      | Reached skill level 5 in Fighting
  4445 | D:5      | Entered Level 5 of the Dungeon
  4455 | D:5      | Reached *** piety under Okawaru
  4729 | D:5      | Got a faintly humming buckler
  4740 | D:5      | Identified the cursed +0 buckler of the Greedy {rElec} (You
                  | found it on level 5 of the Dungeon)
  4781 | D:5      | Gained mutation: You are partially covered in icy blue
                  | scales. (AC +2) [demonic ancestry]
  4781 | D:5      | Reached XP level 8. HP: 63/63 MP: 10/10
  4945 | D:5      | Reached skill level 1 in Shields
  5098 | D:5      | Found a glowing golden altar of the Shining One.
  5267 | D:5      | Reached skill level 6 in Fighting
  5267 | D:5      | Reached skill level 5 in Armour
  5400 | D:5      | Found a sparkling altar of Nemelex Xobeh.
  5422 | D:5      | Reached **** piety under Okawaru
  5510 | D:6      | Noticed Grinder
  5520 | D:6      | Killed Grinder
  5701 | D:6      | Noticed Duvessa
  5703 | D:6      | Noticed Dowan
  5725 | D:6      | Killed Duvessa
  5725 | D:6      | Reached skill level 5 in Long Blades
  5725 | D:6      | Gained mutation: You are mostly covered in icy blue scales.
                  | (AC +3) [demonic ancestry]
  5725 | D:6      | Reached XP level 9. HP: 61/71 MP: 12/12
  5737 | D:6      | Killed Dowan
  5823 | D:6      | Reached skill level 5 in Dodging
  5881 | D:6      | Noticed Eustachio
  5904 | D:6      | Killed Eustachio
  5925 | D:6      | Found a shimmering altar of Xom.
  5934 | D:6      | Found an opulent altar of Gozag.
  5995 | D:6      | Reached skill level 7 in Fighting
  6152 | D:6      | Noticed Pikel
  6169 | D:6      | Killed from afar by Pikel

Skill      XL: |  1  2  3  4  5  6  7  8  9 |
---------------+----------------------------+-----
Long Blades    | 3 4 5 |  5.2
Armour         | 1 2 3 4 5 6 |  6.1
Dodging        | 3 4 5 |  5.1
Fighting       | 3 4 5 6 7 |  7.1
Invocations    | 1 2 4 |  4.8
Shields        | 2 |  2.5
Throwing       | |  1.7

Action                   |  1- 3 |  4- 6 |  7- 9 || total
-------------------------+-------+-------+-------++-------
Melee: Long sword        |   119 |   137 |   344 ||   600
       Headbutt          |     9 |    38 |    84 ||   131
       Unarmed           |       |       |    16 ||    16
Throw: Throwing net      |       |       |     1 ||     1
  Use: Scroll            |       |       |     5 ||     5
       Potion            |       |       |     1 ||     1
 Stab: Sleeping          |     1 |       |     3 ||     4
  Eat: Chunk             |     2 |     6 |     6 ||    14
       Ration            |       |       |     1 ||     1
Armor: Leather armour    |    31 |    11 |       ||    42
       Ring mail         |       |    57 |    48 ||   105
       Skin              |       |       |     2 ||     2
       Steam dragon scal |       |       |    66 ||    66
Dodge: Dodged            |    79 |   170 |   275 ||   524
Block: Buckler           |       |       |    48 ||    48
       Rpst.: Long sword |    26 |    51 |    69 ||   146
